 Dungeon Crawl Stone Soup version 0.15.1-1-gfacfea3 (webtiles) character file.

93 Johnny the Chiller (level 4, -13/35 HPs)
             Began as a Demigod Ice Elementalist on Sept 25, 2014.
             Killed by divine providence
             ... invoked by an orc priest
              (16 damage)
             ... on Level 3 of the Dungeon.
             The game lasted 00:04:23 (1733 turns).

Johnny the Chiller (Demigod Ice Elementalist)       Turns: 1733, Time: 00:04:23

HP -13/35        AC  6     Str 10      XL: 4   Next: 14%
MP   7/11        EV 13     Int 20      God:
Gold 102         SH  0     Dex 17      Spells:  1 memorised,  6 levels left

rFire  . . .     SeeInvis .     i - +2 quarterstaff (chaos)
rCold  . . .     Clarity  .     a - +1 robe
rNeg   . . .     rCorr    .     (no shield)
rPois  .         rRot     .     (no helmet)
rElec  .         Spirit   .     l - +2 cloak
SustAb .         Warding  .     (no gloves)
rMut   .         Stasis   .     (no boots)
Gourm  .                        (no amulet)
MR     .....                    (no ring)
                                h - -2 ring of strength

@: lethally poisoned, very slightly contaminated, slowed, very slow, not
resistant to hostile enchantments, unstealthy
A: wild magic 1
a: no special abilities


You were on level 3 of the Dungeon.
You were hungry.

You visited 1 branch of the dungeon, and saw 3 of its levels.

You collected 102 gold pieces.

Inventory:

Hand weapons
 d - a +0 short sword
 g - a +0 spear
 i - a +2 quarterstaff of chaos (weapon)
 p - a +2 dagger of draining
Missiles
 o - 5 steel tomahawks (quivered)
Armour
 a - a +1 robe (worn)
 l - a +2 cloak (worn)
Comestibles
 c - 2 bread rations
 f - 2 meat rations
 n - a chunk of hobgoblin flesh
Jewellery
 h - a -2 ring of strength (left hand)
Potions
 j - a potion of cure mutation
Books
 b - a book of Frost

   Spells                             Type                      Level
   *Freeze                            Ice                          1
   Throw Frost                        Conjuration/Ice              2
   Ozocubu's Armour                   Charms/Ice                   3
   Throw Icicle                       Conjuration/Ice              4
   Summon Ice Beast                   Ice/Summoning                4
   Condensation Shield                Ice                          4


   Skills:
 * Level 1.1 Fighting
 + Level 1.3 Armour
 + Level 2.1 Dodging
 + Level 2.1 Stealth
 * Level 2.3 Spellcasting
   Level 0.8 Conjurations
 * Level 3.3 Ice Magic


You had 6 spell levels left.
You knew the following spells:

 Your Spells              Type           Power        Failure   Level  Hunger
a - Freeze                Ice            ###.         11%         1    #......


Dungeon Overview and Level Annotations

Branches:
Dungeon (3/15)


Innate Abilities, Weirdness & Mutations

Your spells are a little harder to cast, but a little more powerful.


Message History

You are lethally poisoned!
It was a potion of poison.
* * * LOW HITPOINT WARNING * * *
You feel sick. The orc wizard misses you. The orc hits you but does no damage.
The orc closely misses you. The orc priest barely misses you.
The orc priest barely misses you. The orc wizard closely misses you.
The orc misses you. The orc priest misses you.
Drink which item? (? for menu, Esc to quit)
You feel less in control of your magic.
You feel fantastic!
It was a potion of beneficial mutation.
* * * LOW HITPOINT WARNING * * *
You feel sick. The orc wizard hits you with a dagger.
* * * LOW HITPOINT WARNING * * *
The orc closely misses you.
The orc priest becomes somewhat translucent.
The orc barely misses you.
The orc wizard hits you but does no damage.
The orc priest calls down the wrath of Beogh upon you.
Something smites you!
You die...

... ...!....#
.........#
..>.......#
...........#
#.........#
#.........#
#....K.o..#
#....$@o..#
#......ooo..#
.#.........#
#.........#
###########


You could see 2 orc priests, an orc wizard, 2 orcs and a kobold.

Vanquished Creatures
  Crazy Yiuf (D:2)
  Jessica (D:2)
  A gnoll (D:1)
  A giant gecko (D:1)
  3 giant cockroaches (D:2)
  6 goblins
  4 hobgoblins
  2 jackals (D:1)
  A quokka (D:2)
  4 bats
  3 giant newts
  5 kobolds
  7 rats
39 creatures vanquished.

Notes
Turn   | Place    | Note
--------------------------------------------------------------
     0 | D:1      | Johnny, the Demigod Ice Elementalist, began the quest for the Orb.
     0 | D:1      | Reached XP level 1. HP: 14/14 MP: 3/3
    57 | D:1      | Reached XP level 2. HP: 7/22 MP: 0/5
   537 | D:1      | Reached skill level 1 in Armour
   992 | D:1      | Reached XP level 3. HP: 27/27 MP: 8/8
  1068 | D:2      | Reached skill level 3 in Ice Magic
  1482 | D:2      | Noticed Crazy Yiuf
  1493 | D:2      | Killed Crazy Yiuf
  1493 | D:2      | Reached skill level 1 in Fighting
  1680 | D:2      | Noticed Jessica
  1687 | D:2      | Killed Jessica
  1687 | D:2      | Reached XP level 4. HP: 35/35 MP: 11/11
  1733 | D:3      | Gained mutation: Your spells are a little harder to cast, but a little more powerful. [potion of beneficial mutation]
  1733 | D:3      | Killed from afar by an orc priest

Action                   |  1- 3 |  4- 6 || total
-------------------------+-------+-------++-------
Melee: Unarmed           |     4 |       ||     4
       Short sword       |    19 |       ||    19
       Spear             |    58 |       ||    58
       Quarterstaff      |     5 |     4 ||     9
       Dagger            |     3 |       ||     3
Throw: Tomahawk          |    15 |       ||    15
 Cast: Freeze            |    21 |     4 ||    25
  Use: Scroll            |     8 |       ||     8
       Potion            |       |     3 ||     3
 Stab: Sleeping          |     2 |       ||     2
  Eat: Chunk             |     1 |     1 ||     2
